[Event "Prague Festival-Futures 2022"]
[Site "Prague"]
[Date "2022.06.11"]
[Round "4.3"]
[White "Bouska, Jiri"]
[Black "Kuru, Atilla"]
[Result "0-1"]
[ECO "C07"]
[WhiteElo "2117"]
[BlackElo "2023"]
[Annotator "TA"]
[PlyCount "90"]
[EventDate "2022.06.07"]
[EventType "tourn"]
[EventCountry "CZE"]
[SourceTitle "playchess.com"]
[Source "ChessBase"]
[SourceQuality "1"]
[TimeControl "40/5400+30:1800+30"]

1. e4 e6 2. d4 d5 3. Nd2 c5 4. Ngf3 cxd4 5. Nxd4 Nc6 6. Bb5 Bd7 7. Nxc6 bxc6 8. Bd3 Bd6 {[%emt 0:01:31] C07: French Tarrasch: 3...c5, 4 Ngf3 and 4 exd5 Qxd5.} 9. Qe2 Ne7 10. e5 {[%emt 0:02:11] now scores much better than the old 10.Nf3.} Bc5 {[%emt 0:00:07] [#] The position is equal.} 11. Nb3 $146 ({Predecessor:} 11. Nf3 h6 12. O-O Bb6 13. c3 c5 14. Bf4 Qc7 15. Rac1 Bc6 16. b4 Rc8 17. bxc5 Bxc5 {1-0 (46) Lou,Y (2472)-Itgelt,K (2184) Tornelo INT 2021}) 11... Bb6 12. Be3 {[%emt 0:00:40] Inhibits c5.} Qc7 13. f4 $1 c5 14. c4 $1 (14. Qg4 $2 c4 15. Qe2 Bb5 $19) 14... d4 15. Bf2 Ba5+ 16. Nxa5 Qxa5+ 17. Qd2 Qxd2+ 18. Kxd2 a5 19. g4 Rb8 20. Rab1 Nc6 (20... Bc6 $15 21. Rhe1 h5) 21. b3 $11 h5 22. gxh5 Rxh5 23. h4 Nb4 24. Be2 (24. Rhg1 $15) 24... Rf5 $17 25. a3 {[%emt 0:07:12] [#]} Na2 {[%emt 0:00:05] And now ...Nc3 would win.} 26. Bg3 Nc3 {[%emt 0:00:07] Hoping for ...Ne4+.} 27. Bd3 {[%emt 0:01:25] Prevents Ne4+.} (27. Rhg1 $17 {keeps fighting.}) 27... Bc6 $19 ({But not} 27... Nxb1+ $2 28. Rxb1 Rh5 29. Be4 $17) 28. Bxf5 {[%emt 0:03:27] Black must now prevent Bc2.} exf5 (28... Bxh1 $19 29. Rxh1 exf5) 29. Rhg1 $15 Be4 30. Rb2 Na4 $36 {[%emt 0:00:05][%mdl 2112] [#] Pin. Black fights for an advantage. Black is much more active.} 31. Rbb1 {[%emt 0:02:14][%mdl 8192] White is on the road to losing.} Bxb1 $19 32. bxa4 {[%emt 0:01:39][%mdl 4096] Endgame KRB-KRB} Be4 {[%emt 0:00:02] aiming for ...Rb2+.} 33. Be1 Rb2+ 34. Kd1 d3 {[%emt 0:01:10] Threatens to win with ...Bf3+.} 35. Bd2 ({Don't blunder} 35. Rxg7 $2 Bf3+ 36. Kc1 Rc2+ 37. Kb1 Be4 38. Rg8+ Ke7 $19) 35... g6 36. Rg3 $2 (36. Ke1 {is a better defense.}) 36... Rc2 ({Don't go for} 36... Rb1+ $2 37. Bc1 $19) 37. Bxa5 Rxc4 38. Bb6 Rc3 39. e6 c4 40. Bc5 (40. Bd4 Rb3 41. Kd2 Rxa3 42. Rg1 Ra2+ 43. Kc3 Rc2+ 44. Kb4) 40... fxe6 {[%emt 0:00:00] Strongly threatening ...Rb3. Black is clearly winning.} 41. Rxg6 (41. Bb4 $142 Rb3 42. Kd2) 41... Bf3+ 42. Ke1 Rc1+ 43. Kd2 Rc2+ 44. Ke3 d2 45. Rxe6+ Kf7 {[%emt 0:00:08] Weighted Error Value: White=0.45/Black=0.22 (precise)} 0-1

[Event "Prague Festival-Futures 2022"]
[Site "Prague"]
[Date "2022.06.11"]
[Round "4.4"]
[White "Balint, Peter"]
[Black "Sowinski, Pawel"]
[Result "1/2-1/2"]
[ECO "C19"]
[WhiteElo "2097"]
[BlackElo "2060"]
[Annotator "TA"]
[PlyCount "132"]
[EventDate "2022.06.07"]
[EventType "tourn"]
[EventCountry "CZE"]
[SourceTitle "playchess.com"]
[Source "ChessBase"]
[SourceQuality "1"]
[TimeControl "40/5400+30:1800+30"]

1. e4 e6 2. d4 d5 3. Nc3 Bb4 4. e5 c5 5. a3 Bxc3+ 6. bxc3 Qa5 7. Qd2 Nc6 8. Nf3 Nge7 9. Bd3 c4 {[%emt 0:01:12] C19: French: 3 Nc3 Bb4: Main line: 7 Nf3 and 7 a4.} 10. Be2 Qa4 11. O-O Bd7 12. Ne1 O-O-O 13. f4 {[%emt 0:02:23] [#]} h5 $146 ({Predecessor:} 13... f5 14. h4 Rdg8 15. Kf2 h6 16. Nf3 Be8 17. Bb2 Nd8 18. Rh1 Bh5 19. Rag1 g6 {0-1 (38) Van Walraven,A (1613)-Abma,K (1945) Groningen 2017}) 14. Qd1 Rh7 15. Be3 Nf5 16. Bf2 f6 17. Nf3 Be8 18. Qd2 Bg6 19. Ra2 b6 20. Re1 Rg8 21. Bf1 Bf7 22. g3 Nh6 23. Bh3 Ng4 (23... Nd8 $142) 24. f5 $1 $11 Nd8 25. Nh4 (25. Be3 $14) 25... Qd7 (25... fxe5 $15 26. Bxg4 hxg4) 26. Qf4 $2 (26. a4 $11) 26... exf5 $2 (26... fxe5 $17 27. dxe5 g5 28. fxg6 Bxg6 29. Bxg4 hxg4) 27. Qxf5 Rhh8 {[%emt 0:08:43] Strongly threatening ...Be6.} ({Don't take} 27... Qxf5 28. Nxf5 Kc7 29. exf6 $14) 28. Qxd7+ Kxd7 29. exf6 gxf6 30. Raa1 Ne6 31. Bg2 (31. Be3 $5) 31... Ng5 32. Nf5 (32. Be3 $11) 32... Be6 33. Ne3 Nxf2 ({Black should play} 33... f5 $15) 34. Kxf2 Kd6 35. h4 Nf7 (35... Nh3+ $11 {keeps the balance.} 36. Bxh3 Bxh3) 36. Bf3 $16 Nd8 (36... Rg7 $142) 37. Rab1 {[%emt 0:00:13] Black must now prevent Rb5.} Nc6 38. Rb5 (38. a4 $16) 38... Ne7 $14 39. Rb2 Rg7 40. Rbb1 Bd7 41. Re2 f5 (41... Rhg8 $11) 42. Ng2 $1 $16 Rhg8 (42... Ng6 $16) 43. Rbe1 $18 Nc6 44. Nf4 Rxg3 45. Bxd5 R8g4 46. Bf3 {[%emt 0:00:48] Really sharp!} (46. Nxh5 Rxc3 47. Nf6 Rf4+ 48. Kg2 Nxd4 $19) 46... Rg8 $2 {[%emt 0:00:22] [#]} (46... Rxf3+ {was worth a try.} 47. Kxf3 Rxh4) 47. Re6+ $1 Kc7 48. Nd5+ Kc8 49. Rd6 {[%emt 0:02:13] Active counter play!} R3g6 {[%emt 0:04:50] [#]} (49... R8g7 50. Nf6 (50. Bxh5 Rg2+ 51. Kf1 Rh2 $14) 50... Nb8 51. Nxh5 R7g6) 50. Rxc6+ $1 Bxc6 (50... Rxc6 51. Ne7+) 51. Ne7+ {[%emt 0:00:06][%mdl 64] Discovered Attack, Double Attack} Kd7 52. Bxc6+ Rxc6 53. Nxg8 {[%emt 0:00:02][%mdl 4096] Endgame KRN-KR} Rg6 54. Ne7 Rg4 55. Re5 Rxh4 56. Nxf5 Rh2+ 57. Ke3 {[%emt 0:00:36] And now d5 would win.} Rxc2 58. d5 Rxc3+ 59. Kd4 Rxa3 (59... Rf3 $142 60. Kxc4 Rf1) 60. Kxc4 $2 (60. Re7+ Kd8 61. d6) 60... Ra4+ 61. Kb3 $2 (61. Kd3 $18) 61... Rf4 $14 62. d6 Kc6 $1 {[%emt 0:00:31] [#] The position is equal.} 63. Rd5 $1 {[%emt 0:00:56] d7 is the strong threat.} Kd7 $1 (63... Kxd5 $2 64. d7 Ke6 65. d8=Q $1 $18) 64. Re5 {[%emt 0:00:51] aiming for Re7+.} Kc6 $1 65. Rd5 {[%emt 0:00:35] Hoping for d7.} Kd7 $1 (65... Kxd5 $2 66. d7 Ke6 {[#]} 67. d8=Q $1 $18) 66. Re5 {[%emt 0:00:24] Threatens to win with Re7+.} Kc6 $1 {[%emt 0:00:01] Blacks defense is rewarded with a draw.  Weighted Error Value: White=0.36/Black=0.39} 1/2-1/2

[Event "Prague Festival-Futures 2022"]
[Site "Prague"]
[Date "2022.06.11"]
[Round "4.5"]
[White "Zelbova, Lada"]
[Black "Kovalskyi, Roman"]
[Result "0-1"]
[ECO "B36"]
[WhiteElo "1967"]
[BlackElo "2039"]
[Annotator "TA"]
[PlyCount "80"]
[EventDate "2022.06.07"]
[EventType "tourn"]
[EventCountry "CZE"]
[SourceTitle "playchess.com"]
[Source "ChessBase"]
[SourceQuality "1"]
[TimeControl "40/5400+30:1800+30"]

1. e4 c5 2. Nf3 g6 3. d4 cxd4 4. Nxd4 Nc6 5. c4 Nf6 6. Nc3 d6 7. Be2 Nxd4 8. Qxd4 Bg7 9. O-O O-O 10. Qd3 {[%emt 0:00:50] B36: Sicilian: Maroczy Bind: Gurgenidze System.} a5 11. Be3 a4 12. h3 {[%emt 0:09:24] White is slightly better.} Qa5 {[%emt 0:05:04] [#]} 13. Rab1 $146 ({Predecessor:} 13. Rac1 Be6 14. Bd4 Qb4 15. Nb5 Rfc8 16. b3 axb3 17. axb3 Ra2 18. Bc3 Qxb3 19. Bxf6 Qxd3 20. Bxd3 Bxf6 {0-1 (37) Bennet Stevens,L (157)-Ashworth,M (192) Daventry 2017}) 13... Be6 14. Nd5 Bxd5 15. exd5 Nd7 16. Bd4 Bxd4 17. Qxd4 Qc5 18. Qe4 Ne5 19. Kh1 (19. Rfc1 {with more complications.} Kg7 20. Qh4 Rfe8 21. Qf4) 19... f5 20. Qf4 b5 21. b4 ({White should try} 21. cxb5 $14 Qxd5 22. a3) 21... axb3 $1 $11 22. axb3 Ra2 23. Rfe1 {[%emt 0:02:58] Strongly threatening b4.} b4 24. Kg1 Qa7 25. Bf1 Kh8 26. c5 (26. h4 $11) 26... Qxc5 $17 27. Rbc1 {[%emt 0:00:44] [#]} Qb6 {[%emt 0:09:10][%cal Og6g5] 0x0.000860bd7d19dp-1022s more active pieces.} ({Worse is} 27... Qxd5 28. Rc7 Qe6 29. Qxb4 $15) 28. Qe3 (28. h4 $17 {was worth a try.}) 28... Qxe3 $19 29. Rxe3 g5 30. h4 (30. Ree1 {was called for.}) 30... gxh4 31. f4 Ng6 32. Rf3 (32. Rc4 $142) 32... Kg7 33. Kh2 Rfa8 34. Bd3 Kf6 35. Rc4 Rd2 {[%emt 0:01:14] White must now prevent ...Ra1.} 36. Rc2 (36. Rxb4 $142 Ra1 37. Ra4) 36... Rxc2 {[%emt 0:01:03] Black is clearly winning.} 37. Bxc2 Rc8 38. Bd3 Rc3 39. Be2 Rxf3 40. Bxf3 Nxf4 {[%emt 0:01:29] Weighted Error Value: White=0.55/Black=0.11 (very precise)} 0-1

[Event "Prague Festival-Futures 2022"]
[Site "Prague"]
[Date "2022.06.13"]
[Round "5.1"]
[White "Sowinski, Pawel"]
[Black "Zelbova, Lada"]
[Result "1-0"]
[ECO "A28"]
[WhiteElo "2060"]
[BlackElo "1967"]
[Annotator "TA"]
[PlyCount "89"]
[EventDate "2022.06.07"]
[EventType "tourn"]
[EventCountry "CZE"]
[SourceTitle "playchess.com"]
[Source "ChessBase"]
[SourceQuality "1"]
[TimeControl "40/5400+30:1800+30"]

1. c4 e5 2. Nc3 Nf6 3. Nf3 Nc6 4. e4 Bb4 5. d3 d6 6. a3 {[%emt 0:00:03] A28: English Opening: Four Knights Variation.} Bc5 7. b4 Bb6 8. Be3 {[%emt 0:01:12] The position is equal.} Bg4 9. Be2 Bxf3 10. Bxf3 Nd4 11. Na4 Nxf3+ 12. Qxf3 Bxe3 13. fxe3 O-O 14. O-O {[%emt 0:00:07] [#]} Qd7 $146 ({Predecessor:} 14... c6 15. Nc3 Qc7 16. Qg3 Kh8 17. Rf5 Rae8 18. a4 Re6 19. a5 a6 20. h3 Nd7 {½-½ (27) Yeo,G (2482)-Asquith,J (2393) ICCF email 2020}) 15. Nc3 c6 16. d4 Qg4 17. c5 Qxf3 (17... a5 {seems wilder.} 18. cxd6 Qe6 19. Qf5 Qxf5 20. exf5 exd4 21. exd4 axb4 22. axb4 Rad8) 18. gxf3 Rfd8 19. cxd6 Rxd6 (19... exd4 $2 20. exd4 Rxd6 21. e5 Rxd4 22. exf6 $18) 20. dxe5 Rd3 21. Nd1 ({White should try} 21. Na4 $14 Nd7 22. e6 fxe6 23. Rfd1) 21... Nd7 $11 22. Nb2 Rxe3 (22... Rc3 $5 ) 23. Nc4 $36 {[%emt 0:00:08][%mdl 2048] White has good play.} Rc3 24. Rac1 Rxc1 25. Rxc1 $14 {[%emt 0:00:02][%mdl 4096] Endgame KRN-KRN} b5 26. Rd1 $1 bxc4 27. Rxd7 {[%emt 0:00:02] KR-KR} a5 {[%emt 0:05:47] Black is now going downhill.} (27... Kf8 $14 {might be stronger.}) 28. Rc7 $16 {[%emt 0:03:03] White is more active.} axb4 29. axb4 Rb8 (29... Kf8 $16 {was necessary.}) 30. Rxc6 $18 g5 (30... Kf8 {was worth a try.} 31. Rxc4 g5) 31. Rxc4 Kf8 32. h4 gxh4 {[%emt 0:01:55] [#]} (32... h6 33. Kg2 Ke7) 33. f4 Rb6 34. Kg2 Ke7 35. Kh3 Kd7 36. Kxh4 Rh6+ 37. Kg4 Rg6+ 38. Kf3 {[%emt 0:00:01] [#] Hoping for b5.} Rh6 39. b5 Rh3+ 40. Kg4 Rb3 41. Rc5 {[%emt 0:00:04] Threatening mate with Kg5.} Rb4 42. Kf5 {[%emt 0:00:43] White mates.} Kd8 43. Kf6 Rxe4 44. f5 h5 45. Kxf7 {[%emt 0:00:15] Weighted Error Value: White=0.04 (flawless) /Black=0.47} 1-0

[Event "Prague Festival-Futures 2022"]
[Site "Prague"]
[Date "2022.06.13"]
[Round "5.2"]
[White "Warchol, Kamil"]
[Black "Balint, Peter"]
[Result "1/2-1/2"]
[ECO "A46"]
[WhiteElo "2079"]
[BlackElo "2097"]
[Annotator "TA"]
[PlyCount "91"]
[EventDate "2022.06.07"]
[EventType "tourn"]
[EventCountry "CZE"]
[SourceTitle "playchess.com"]
[Source "ChessBase"]
[SourceQuality "1"]
[TimeControl "40/5400+30:1800+30"]

1. d4 Nf6 2. Bg5 e6 3. Nf3 h6 4. Bf4 c5 5. e3 cxd4 6. exd4 {[%emt 0:00:37] A46: 1 d4 Nf6 2 Nf3 e6: Torre, London and Colle Systems.} Be7 7. Bd3 b6 8. O-O O-O 9. Nbd2 Bb7 10. Re1 {[%emt 0:03:08] [#]} d6 $146 ({Predecessor:} 10... Na6 11. c3 Nc7 12. h3 Ncd5 13. Bh2 Rc8 14. Nc4 d6 15. Ne3 Nxe3 16. Rxe3 Nd5 {1-0 (32) Hirsch,S (2240)-Lagershausen,T Ruhrgebiet 1996}) 11. Qe2 Re8 12. h3 Qc7 13. c4 Nbd7 14. Rac1 Qd8 15. Bh2 Rc8 16. b4 (16. Rcd1 $142) 16... Bf8 (16... e5 $5) 17. Qd1 e5 {[%emt 0:00:00] ...e4 is the strong threat.} 18. Ne4 ({Of course not} 18. dxe5 dxe5 19. Qc2 Bxb4 $17) (18. Qc2 $11 {should be considered.}) 18... Nxe4 19. Bxe4 Bxe4 20. Rxe4 d5 (20... Nf6 $5 21. Re1 exd4 $11) 21. cxd5 Rxc1 22. Qxc1 f5 23. Re2 e4 24. Ne5 Nxe5 25. Bxe5 {[%emt 0:05:48] [#] And now Qc6 would win.} Qxd5 26. Qc3 Re6 27. Rc2 Re7 28. a3 Rd7 29. Qc8 Qb7 30. Qe8 {[%emt 0:00:53] [#] aiming for Rc8. White is more active.} Qd5 31. Rc8 (31. b5 $16) 31... Qf7 $11 {[%emt 0:00:15] The position is equal.} 32. Qxf7+ Kxf7 {[%emt 0:00:04][%mdl 4096] Endgame KRB-KRB} 33. Rc6 Be7 34. Kf1 Bf6 35. a4 Bxe5 36. dxe5 {[%emt 0:00:01] Hoping for e6+. KR-KR} Re7 {[%emt 0:00:16] Prevents e6+.} 37. f4 exf3 38. gxf3 Rxe5 39. Kf2 f4 40. Rc4 g5 41. Rc6 Re6 42. Rc7+ Re7 43. Rc6 Kg7 44. a5 bxa5 45. bxa5 h5 46. a6 {[%emt 0:05:02] Weighted Error Value: White=0.07 (flawless) /Black=0.06 (flawless)} 1/2-1/2

[Event "Prague Festival-Futures 2022"]
[Site "Prague"]
[Date "2022.06.13"]
[Round "5.3"]
[White "Kuru, Atilla"]
[Black "Tolmacevs, Artjoms"]
[Result "1/2-1/2"]
[ECO "B97"]
[WhiteElo "2023"]
[BlackElo "2087"]
[Annotator "TA"]
[PlyCount "104"]
[EventDate "2022.06.07"]
[EventType "tourn"]
[EventCountry "CZE"]
[SourceTitle "playchess.com"]
[Source "ChessBase"]
[SourceQuality "1"]
[TimeControl "40/5400+30:1800+30"]

1. e4 c5 2. Nf3 d6 3. d4 cxd4 4. Nxd4 Nf6 5. Nc3 a6 6. Bg5 e6 7. f4 Qb6 8. Qd2 Qxb2 9. Rb1 Qa3 10. f5 $1 {[%emt 0:00:02][%mdl 4] Hoping for fxe6. is more profitable than 10.e5 at the moment.} h6 $2 {[%emt 0:26:41] B97: Sicilian Najdorf: Poisoned Pawn.} (10... Nc6 $11) 11. Bxf6 $16 gxf6 {[%emt 0:02:17] [#]} 12. fxe6 $1 fxe6 {[%emt 0:02:11] [#] White is clearly better.} 13. Be2 $146 {[%emt 0:00:18] White is more active.} (13. Bc4 $16) ({Predecessor:} 13. Bc4 Qc5 14. Bxe6 Nc6 15. Nxc6 bxc6 16. Na4 Qa7 17. Bxc8 Rxc8 18. Qc3 Rh7 19. Rb3 {1-0 (49) De Waele,W (1979)-Gounant,S (1840) FICGS email 2011}) 13... Nc6 $14 14. Bh5+ (14. Nxc6 $14 bxc6 15. O-O) 14... Ke7 (14... Kd8 $11) 15. Nxc6+ $16 bxc6 16. Bf3 Bg7 17. Rb3 {[%emt 0:01:36][%mdl 1024] White has compensation.} Qc5 18. Na4 Qg5 19. Qb4 Bd7 {[%emt 0:04:20] [#] aiming for ...c5.} 20. Nb6 Rab8 21. Qa3 a5 22. Nc4 {[%emt 0:00:21] Inhibits Qe5. Dancing on a razor blade.} (22. O-O $5 Rhd8 23. Be2 $11) 22... Qc5 23. Qxc5 dxc5 24. Ke2 a4 (24... Rb4 $5 25. Nb6 Rd8 $15) 25. Rb6 Rxb6 26. Nxb6 Rb8 27. Nxa4 Rb5 28. Rd1 f5 29. Rd2 c4 30. c3 Be8 31. exf5 exf5 32. Kd1 Ra5 33. Re2+ Kf8 34. Nb6 {[%emt 0:01:27] The position is equal.} Bf7 35. Bxc6 Bxc3 36. Rc2 Bd4 {[%emt 0:01:41] This bishop pair is nice.} 37. Nxc4 Rc5 38. Nd6 Rxc2 39. Kxc2 Bxa2 40. Nxf5 $11 {[%emt 0:00:00][%mdl 4096] Endgame KBB-KBN} Be5 41. h3 Be6 42. Nh4 {[%emt 0:02:46] Ng6+ is the strong threat.} Kg7 {[%emt 0:01:54] Inhibits Ng6.} 43. Be4 Kf6 44. Nf3 Bc4 45. g4 Be2 46. Ng1 Bf1 47. Bd3 Bg2 48. Be2 Bh2 49. Bf3 Bxg1 50. Bxg2 Kg5 51. Kd3 Bf2 52. Ke4 Bh4 {[%emt 0:00:07] Weighted Error Value: White=0.15 (very precise) /Black=0.17 (very precise)} 1/2-1/2

[Event "Prague Festival-Futures 2022"]
[Site "Prague"]
[Date "2022.06.13"]
[Round "5.4"]
[White "Bokhnak, Timofey"]
[Black "Bouska, Jiri"]
[Result "1/2-1/2"]
[ECO "B38"]
[WhiteElo "2060"]
[BlackElo "2117"]
[Annotator "TA"]
[PlyCount "71"]
[EventDate "2022.06.07"]
[EventType "tourn"]
[EventCountry "CZE"]
[SourceTitle "playchess.com"]
[Source "ChessBase"]
[SourceQuality "1"]
[TimeControl "40/5400+30:1800+30"]

1. e4 c5 2. Nf3 Nc6 3. d4 cxd4 4. Nxd4 g6 5. c4 Nf6 6. Nc3 Bg7 7. Be3 O-O 8. Be2 d6 9. h3 Bd7 10. O-O Nxd4 11. Bxd4 Bc6 12. Qd3 a5 {[%emt 0:00:56] 12...a5 is better than 12...Nd7. B38: Sicilian: Maroczy Bind with 5...Bg7 and 7...0-0.} 13. Rfd1 Nd7 14. Bxg7 Kxg7 {[%emt 0:00:32] The position is equal.} 15. Qd4+ Kg8 {[%emt 0:00:29] [#]} 16. Bg4 $146 ({Predecessor:} 16. Rac1 Qb6 17. Nd5 Bxd5 18. cxd5 Qxd4 19. Rxd4 Nc5 20. Bb5 Kg7 21. Rc2 f5 22. exf5 Rxf5 {1-0 (64) Vorontsov,P (1887)-Brozhik,V (2134) Kiev 2009}) 16... Ne5 17. f4 Nxg4 18. hxg4 e5 19. Qxd6 Qb6+ 20. c5 Qxb2 21. Qxe5 Rfe8 {[%emt 0:01:22] [#]} (21... Rad8 $11 {deserves consideration.}) 22. Qd4 $1 $16 Rad8 23. Nd5 Qxd4+ 24. Rxd4 Rxe4 25. Nf6+ Kg7 26. Rxe4 {[%emt 0:01:17][%cal Og4g5] Black must now prevent g5! White is more active.} Kxf6 {[%emt 0:00:10][%mdl 4096] Endgame [#] KRR-KRB} 27. Re2 Rd4 28. Rc1 Kg7 29. Rf2 Bd7 30. g5 h6 31. gxh6+ Kxh6 32. Rc3 Kg7 33. Kh2 Kf6 34. Kg3 Bc6 35. Re2 Kf5 36. Re5+ {[%emt 0:02:02] Weighted Error Value: White=0.10 (very precise) /Black=0.09 (flawless)} 1/2-1/2

[Event "Prague Festival-Futures 2022"]
[Site "Prague"]
[Date "2022.06.14"]
[Round "6.1"]
[White "Zelbova, Lada"]
[Black "Warchol, Kamil"]
[Result "0-1"]
[ECO "D02"]
[WhiteElo "1967"]
[BlackElo "2079"]
[Annotator "NA RC"]
[PlyCount "90"]
[EventDate "2022.06.07"]
[EventType "tourn"]
[EventCountry "CZE"]
[SourceTitle "playchess.com"]
[Source "ChessBase"]
[SourceQuality "1"]
[TimeControl "40/5400+30:1800+30"]

1. d4 Nf6 2. Nf3 d5 3. Bf4 c5 4. e3 Nc6 5. Nbd2 e6 6. c3 Be7 7. Bd3 O-O 8. Ne5 Bd6 9. Qf3 Ne8 10. Qh3 f5 11. g4 cxd4 12. exd4 Bxe5 13. dxe5 d4 14. gxf5 dxc3 15. bxc3 Nxe5 16. Bxe5 Qd5 17. f4 Qxh1+ 18. Ke2 Qc6 19. fxe6 Bxe6 20. Qxh7+ Kf7 21. Rg1 Rg8 22. Ne4 Rd8 23. Ng5+ Ke7 24. Nxe6 Qxe6 25. c4 b5 26. Rg6 Qd7 27. Rg3 Qe6 28. Re3 Qg4+ 29. Kd2 Nf6 30. Bd4+ Kf7 31. Bxf6 Kxf6 32. Qe4 Rge8 33. Qc6+ Re6 34. Rxe6+ Qxe6 35. Qxe6+ Kxe6 36. cxb5 Rh8 37. a4 Rxh2+ 38. Kc3 Rh4 39. f5+ Kd5 40. a5 Kc5 41. Kd2 Ra4 42. Ke3 Rxa5 43. Kf4 Ra3 44. Be2 Ra2 45. Ke3 Rxe2+ 0-1

[Event "Prague Festival-Futures 2022"]
[Site "Prague"]
[Date "2022.06.14"]
[Round "6.2"]
[White "Bouska, Jiri"]
[Black "Kovalskyi, Roman"]
[Result "1-0"]
[ECO "B27"]
[WhiteElo "2117"]
[BlackElo "2039"]
[Annotator "NA RC"]
[PlyCount "89"]
[EventDate "2022.06.07"]
[EventType "tourn"]
[EventCountry "CZE"]
[SourceTitle "playchess.com"]
[Source "ChessBase"]
[SourceQuality "1"]
[TimeControl "40/5400+30:1800+30"]

1. e4 c5 2. Nf3 g6 3. d4 cxd4 4. Qxd4 Nf6 5. Nc3 Nc6 6. Qa4 d6 7. e5 dxe5 8. Nxe5 Bd7 9. Nxd7 Nxd7 10. Bb5 Bg7 11. Be3 O-O 12. Rd1 Qc8 13. O-O Nb6 14. Qh4 Qf5 15. Bxc6 bxc6 16. Qxe7 Qxc2 17. Rd2 Qf5 18. Qb4 Rab8 19. Rfd1 Nd5 20. Nxd5 cxd5 21. Qa5 Rxb2 22. Rxd5 Qc2 23. R5d2 Rb1 24. Qd5 Rxd1+ 25. Rxd1 Rb8 26. g3 Rb1 27. Qa8+ Bf8 28. Rxb1 Qxb1+ 29. Kg2 Qb4 30. Bh6 Qa3 31. h4 Qd6 32. a4 a5 33. Bxf8 Qxf8 34. Qxa5 Qe8 35. Qa7 Qe4+ 36. Kh2 h5 37. a5 g5 38. Qe3 Qc2 39. a6 gxh4 40. a7 Qa4 41. Qg5+ Kh7 42. Qxh5+ Kg7 43. Qg5+ Kh7 44. Qxh4+ Kg8 45. Qxa4 1-0

[Event "Prague Festival-Futures 2022"]
[Site "Prague"]
[Date "2022.06.14"]
[Round "6.3"]
[White "Kuru, Atilla"]
[Black "Bokhnak, Timofey"]
[Result "1/2-1/2"]
[ECO "C00"]
[WhiteElo "2023"]
[BlackElo "2060"]
[Annotator "NA RC"]
[PlyCount "114"]
[EventDate "2022.06.07"]
[EventType "tourn"]
[EventCountry "CZE"]
[SourceTitle "playchess.com"]
[Source "ChessBase"]
[SourceQuality "1"]
[TimeControl "40/5400+30:1800+30"]

1. e4 e6 2. b3 d5 3. Bb2 dxe4 4. Nc3 Nf6 5. Qe2 Be7 6. O-O-O b6 7. g4 Ba6 8. d3 Nbd7 9. Nxe4 Nxe4 10. Qxe4 Nc5 11. Qe3 Bb7 12. Nf3 Bf6 13. d4 Nd7 14. Bd3 c6 15. g5 Be7 16. h4 Qc7 17. Rhg1 O-O-O 18. h5 Bd6 19. Kb1 Rde8 20. Rde1 Re7 21. Rg4 f6 22. h6 g6 23. Bc4 f5 24. Rgg1 Rhe8 25. Ne5 Nxe5 26. dxe5 Bc5 27. Bd4 Bxd4 28. Qxd4 Rd8 29. Qe3 c5 30. Rd1 Bd5 31. Ba6+ Kb8 32. Rd2 Red7 33. Rgd1 Bc6 34. Bc4 Rxd2 35. Rxd2 Rxd2 36. Qxd2 Qd7 37. Qc3 Be4 38. Kb2 Kb7 39. b4 b5 40. Be2 c4 41. a4 a6 42. f4 Qe7 43. a5 Kb8 44. Qd2 Bd5 45. Kc3 Qa7 46. Qd4 Qxd4+ 47. Kxd4 Bc6 48. Kc5 Kc7 49. c3 Bd7 50. Bf3 Be8 51. Bb7 Kxb7 52. Kd6 Kc8 53. Kxe6 Kd8 54. Kd6 Bd7 55. Kd5 Kc7 56. e6 Bc6+ 57. Ke5 Be8 1/2-1/2

[Event "Prague Festival-Futures 2022"]
[Site "Prague"]
[Date "2022.06.14"]
[Round "6.4"]
[White "Peglau, Charis"]
[Black "Sowinski, Pawel"]
[Result "0-1"]
[ECO "A30"]
[WhiteElo "2008"]
[BlackElo "2060"]
[Annotator "NA RC"]
[PlyCount "154"]
[EventDate "2022.06.07"]
[EventType "tourn"]
[EventCountry "CZE"]
[SourceTitle "playchess.com"]
[Source "ChessBase"]
[SourceQuality "1"]
[TimeControl "40/5400+30:1800+30"]

1. c4 Nf6 2. Nf3 e6 3. g3 b6 4. Bg2 Bb7 5. O-O Be7 6. Nc3 O-O 7. b3 c5 8. Bb2 d6 9. e3 Nbd7 10. Qe2 a6 11. Rfd1 Qc7 12. Rac1 Rac8 13. d4 Qb8 14. e4 cxd4 15. Nxd4 Rfe8 16. Nc2 Qa8 17. f4 h5 18. Re1 d5 19. Kh1 dxe4 20. Nxe4 b5 21. Nxf6+ Nxf6 22. Ne3 Bc5 23. Bxb7 Qxb7+ 24. Ng2 Ng4 25. h3 Ne3 26. Kh2 Nxg2 27. Qxg2 Qxg2+ 28. Kxg2 Red8 29. Re2 Bd4 30. Bxd4 Rxd4 31. Rec2 bxc4 32. bxc4 Rc5 33. Kf3 Rd3+ 34. Ke4 Rxg3 35. Kd4 Rc6 36. c5 Kf8 37. Rb1 Ke8 38. Rb6 Kd7 39. Rb7+ Rc7 40. Rb6 Rc6 41. Rb7+ Rc7 42. Rb6 g5 43. fxg5 Rxg5 44. c6+ Kd6 45. Rxa6 Rg3 46. a4 f5 47. Re2 Rg1 48. Kc4 Rc1+ 49. Kb5 Rc5+ 50. Kb4 R5xc6 51. Rxc6+ Rxc6 52. a5 e5 53. Rg2 e4 54. a6 Ke5 55. Ra2 Rc8 56. a7 Ra8 57. Kc3 Kf4 58. Kd2 Kf3 59. Ke1 e3 60. Ra3 f4 61. h4 Kg2 62. Ra2+ Kg3 63. Ke2 f3+ 64. Kxe3 f2 65. Ra1 Rxa7 66. Rxa7 f1=Q 67. Ra2 Qf4+ 68. Kd3 Qxh4 69. Re2 Qd8+ 70. Kc2 Qd5 71. Re3+ Kg4 72. Rd3 Qe4 73. Kd2 h4 74. Re3 Qc4 75. Ke1 h3 76. Kf2 Qf4+ 77. Ke2 h2 0-1

[Event "Prague Festival-Futures 2022"]
[Site "Prague"]
[Date "2022.06.14"]
[Round "6.5"]
[White "Tolmacevs, Artjoms"]
[Black "Balint, Peter"]
[Result "1-0"]
[ECO "C50"]
[WhiteElo "2087"]
[BlackElo "2097"]
[Annotator "NA RC"]
[PlyCount "55"]
[EventDate "2022.06.07"]
[EventType "tourn"]
[EventCountry "CZE"]
[SourceTitle "playchess.com"]
[Source "ChessBase"]
[SourceQuality "1"]
[TimeControl "40/5400+30:1800+30"]

1. e4 e5 2. Nf3 Nc6 3. Bc4 Bc5 4. O-O Nf6 5. d4 Bxd4 6. Nxd4 Nxd4 7. f4 Nc6 8. Bxf7+ Kxf7 9. fxe5 Nxe5 10. Qd5+ Kf8 11. Qxe5 d6 12. Qd4 Be6 13. Bg5 Kf7 14. Nc3 h6 15. Bxf6 gxf6 16. Nd5 Bxd5 17. exd5 Rg8 18. Rae1 Rg6 19. Re6 Rc8 20. Qe4 c6 21. Re1 Rc7 22. Qf5 Kg7 23. Re8 Qd7 24. Rg8+ Kxg8 25. Qxg6+ Kf8 26. Qxf6+ Kg8 27. Qg6+ Kf8 28. Rf1+ 1-0